 Dungeon Crawl Stone Soup version 0.32-a0-17-gb74e046682 (webtiles) character file.

Game seed: 14115848265824953794

15904 whatisthis the Destroyer (level 12, -11/100 HPs)
             Began as a Green Draconian Conjurer on Jan 16, 2024.
             Was a Priest of Vehumet.
             Mangled by Harold
             ... wielding a +8 halberd of freezing
              (19 damage)
             ... on level 2 of the Lair of Beasts.
             The game lasted 00:46:05 (16787 turns).

whatisthis the Destroyer (DrCj)                    Turns: 16787, Time: 00:46:06

Health: -11/100    AC: 10    Str: 11    XL:     12   Next: 5%
Magic:  5/27       EV: 17    Int: 29    God:    Vehumet [***...]
Gold:   694        SH:  5    Dex:  9    Spells: 20/34 levels left

rFire   . . .        m - +2 dagger (venom)
rCold   . . .        (no shield)
rNeg    . . .        (body armour unavailable)
rPois   +            (helmet restricted)
rElec   .            (no cloak)
rCorr   .            K - +0 pair of gloves
SInv    .            C - +0 pair of boots
Will    .....        F - amulet of reflection
Stlth   ++           D - +6 ring of intelligence
HPRegen 0.36/turn    L - +5 ring of evasion
MPRegen 0.20/turn

%: reflection
@: short of breath, slowed, very slow
A: breathe noxious fumes, AC +8, unfitting armour, poison resistance,
cold-blooded
a: Breathe Noxious Fumes, Renounce Religion


You were on level 2 of the Lair of Beasts.
You worshipped Vehumet.
Vehumet was most pleased with you.
You visited 2 branches of the dungeon, and saw 13 of its levels.
You also visited: Sewer.

You collected 694 gold pieces.

Inventory:

Hand Weapons
 m - a +2 dagger of venom (weapon)
 B - a +4 trident of draining
Missiles
 l - 3 boomerangs
 w - 25 poisoned darts
 H - a curare-tipped dart
Armour
 C - a +0 pair of boots (worn)
 K - a +0 pair of gloves (worn)
Jewellery
 D - a +6 ring of intelligence (left hand)
 F - an amulet of reflection (around neck)
 L - a +5 ring of evasion (right hand)
Wands
 a - a wand of digging (4)
 h - a wand of polymorph (10)
 r - a wand of roots (5)
 I - a wand of flame (2)
 J - a wand of paralysis (1)
Scrolls
 c - 4 scrolls of poison {unknown}
 e - 2 scrolls of immolation
 g - 2 scrolls of vulnerability
 i - a scroll of amnesia {unknown}
 j - 4 scrolls of fear
 k - 4 scrolls of teleportation
 p - 6 scrolls of noise
 s - 7 scrolls of blinking
 t - 6 scrolls of fog
 u - 5 scrolls of enchant weapon
 v - 2 scrolls of torment {unknown}
 y - 3 scrolls of revelation
 E - a scroll of acquirement {unknown}
 M - a scroll of silence {unknown}
Potions
 b - a potion of enlightenment {unknown}
 d - 7 potions of curing
 f - 3 potions of heal wounds
 n - a potion of lignification {unknown}
 o - a potion of mutation {unknown}
 q - 2 potions of degeneration {unknown}
 x - 2 potions of magic
 z - 2 potions of attraction {unknown}
 A - a potion of might {unknown}
 G - a potion of cancellation {unknown}


   Skills:
 + Level 7.1 Fighting
 - Level 1.7 Dodging
 - Level 1.7 Stealth
 + Level 11.8 Spellcasting
 + Level 13.2 Conjurations
 + Level 6.1 Alchemy


You had 20 spell levels left.
You knew the following spells:

 Your Spells              Type           Power      Damage    Failure   Level
a - Magic Dart            Conj           100%       1d8       0%          1
b - Searing Ray           Conj           100%       2d8       0%          2
c - Mephitic Cloud        Conj/Alch/Air  53%        N/A       1%          3
d - Fulminant Prism       Conj/Alch      32%        3d16      1%          4
e - Iskenderun's Mystic   Conj/Tloc      54%        2d12      1%          4

Your spell library contained the following spells:

 Spells                   Type           Power      Damage    Failure   Level
 Momentum Strike          Conj/Tloc      100%       3d10      1%          2
 Hailstorm                Conj/Ice       54%        3d11      1%          3
 Apportation              Tloc           34%        N/A       3%          1
 Slow                     Hex            68%        N/A       3%          1
 Summon Small Mammal      Summ           68%        N/A       3%          1
 Blink                    Tloc           34%        N/A       4%          2
 Call Imp                 Summ           34%        N/A       4%          2
 Jinxbite                 Hex            34%        N/A       4%          2
 Alistair's Intoxication  Alch           34%        N/A       7%          5
 Call Canine Familiar     Summ           17%        N/A       10%         3
 Confusing Touch          Hex            17%        N/A       10%         3
 Sigil of Binding         Hex            17%        N/A       10%         3
 Summon Ice Beast         Ice/Summ       17%        N/A       10%         3
 Vampiric Draining        Necr           17%        2d7       10%         3
 Lee's Rapid Deconstruct  Erth           8%         3d7*      22%         5
 Summon Blazeheart Golem  Fire/Summ      17%        N/A       30%         4
 Summon Lightning Spire   Summ/Air       17%        N/A       30%         4
 Plasma Beam              Fire/Air       8%         2x1d19    71%         6
 Sculpt Simulacrum        Ice/Alch       17%        N/A       80%         6
 Animate Armour           Summ/Erth      Unusable   N/A       N/A         4

Dungeon Overview and Level Annotations

Branches:
Dungeon (11/15)              Lair (2/5) D:9             Orc (0/2) D:11
  Sewer (visited)
 Temple: D:4-7        Swamp: Lair:2-3    Shoals: Lair:2-3     Snake: Lair:2-3
 Spider: Lair:2-3

Altars:
Elyvilon
Fedhas
Kikubaaqudgha
Ru
Sif Muna
Trog
Vehumet
Wu Jian
Yredelemnul
Zin

Shops:
D:1 !   D:2 [   D:3 !

Annotations:
Lair:2 Harold


Innate Abilities, Weirdness & Mutations

You can breathe blasts of noxious fumes.
Your lurid green scales are hard. (AC +8)
You cannot fit into any form of body armour.
Your system is resistant to poisons. (rPois)
You are cold-blooded and may be slowed by cold attacks.


Message History

Casting: Fulminant Prism (safe; 1% risk of failure)
Confirm with . or Enter, or press ? or * to list all spells.
Aiming: Searing Ray (safe; 0% risk of failure)
Press: ? - help, Shift-Dir - straight line, f/p - Harold
Aim: Harold, wielding a +8 halberd of freezing, wearing a +0 scale mail and quivering 4 throwing nets (noxious fumes, moderately wounded, 90% to hit)
The searing ray hits Harold!
Harold is heavily wounded. (Press . to maintain the ray.) Harold is engulfed in noxious fumes.
Harold appears confused.
The searing ray hits Harold.
Harold is heavily wounded.
You feel yourself speed up.
Harold is engulfed in noxious fumes.
The searing ray hits Harold.
Harold is heavily wounded.
Harold is engulfed in noxious fumes.
Harold wonders, "What am I doing in here?"
Casting: Searing Ray (safe; 0% risk of failure)
Confirm with . or Enter, or press ? or * to list all spells.
Aiming: Fulminant Prism (safe; 1% risk of failure)
Press: ? - help, Dir - move target, p - Harold You conjure a prism of explosive energy!
A fulminant prism comes into view.
Your fulminant prism crackles loudly.
Harold hits you with a +8 halberd of freezing!!
* * * LOW HITPOINT WARNING * * *
You feel yourself slow down. Harold freezes you!
* * * LOW HITPOINT WARNING * * *
Your fulminant prism explodes!
The blast of energy engulfs Harold!!!
Harold is almost dead.
Harold seems less confused.
Harold hits you with a +8 halberd of freezing.
* * * LOW HITPOINT WARNING * * *
You feel as though you will be slow longer.
Harold freezes you.
* * * LOW HITPOINT WARNING * * *
Harold hits you with a +8 halberd of freezing!!
You die...
Harold sighs, "Nothing for old Harold but carpentry after this."

........###.#### ##
........#....#.##P##....
........................
.........................
...............†.........
.........................
.........................
.........................
................@........
.................@††.....
....†....##.#..#..†......
......######..####.......
.......# #### .......
.......# ..†....
.......## .......
........# ..##...
........### ..# P..


You could see Harold.

Vanquished Creatures
  Nergalle (Lair:2)
  A skyshark (Lair:2)
  Pikel (D:6)
  Joseph (D:8)
  2 cane toads
  A torpor snail (Lair:1)
  3 komodo dragons
  2 kobold demonologists (D:10)
  Jeremiah (D:6)
  A rime drake (D:10)
  2 trolls
  A hornet (D:8)
  A polar bear (Lair:2)
  Sigmund (D:5)
  21 yaks
  2 wraiths
  A basilisk (Lair:1)
  7 wyverns
  Grum (D:8)
  3 steam dragons
  Menkaure (D:5)
  4 water moccasins
  A swamp drake (D:9)
  An orc warrior (D:9)
  3 ice beasts
  A sky beast (D:6)
  11 wolves
  2 ogres
  2 centaurs
  4 phantoms
  3 kobold brigands
  2 brain worms (Sewer)
  7 bullfrogs
  2 scorpions
  7 wights
  6 killer bees (D:10)
  6 electric eels (D:10)
  6 howler monkeys
  A hound (D:6)
  A jelly (D:7)
  A bombardier beetle (D:4)
  A gnoll bouda (D:7)
  2 orc priests
  7 orc wizards
  2 iguanas
  2 hell rats (Lair:2)
  8 gnolls
  11 adders
  12 river rats
  A shadow imp (D:6)
  A white imp (D:7)
  3 dart slugs
  A ribbon worm (D:3)
  15 orcs
  4 bats
  5 endoplasms
  4 giant cockroaches
  9 goblins
  3 hobgoblins
  2 jackals (D:2)
  10 ball pythons
  3 frilled lizards
  14 kobolds
  13 rats
259 creatures vanquished.

Vanquished Creatures (collateral kills)
  A gnoll (D:5)
  A white imp (D:5)
2 creatures vanquished.

Vanquished Creatures (others)
  87 fulminant prisms
87 creatures vanquished.

Grand Total: 348 creatures vanquished

Notes
Turn   | Place    | Note
-------+----------+-------------------------------------------
     0 | D:1      | whatisthis the Draconian Conjurer began the quest for the
                  | Orb.
     0 | D:1      | Reached XP level 1. HP: 14/14 MP: 3/3
   310 | D:1      | Reached XP level 2. HP: 20/20 MP: 0/5
   554 | D:1      | Found Ihio's Distillery.
   594 | D:1      | Found a faded altar of an unknown god.
   594 | D:1      | Noticed a golden eye
   598 | D:1      | Noticed a glass eye
   624 | D:1      | Noticed a glass eye
   629 | D:1      | Noticed a golden eye
   874 | D:1      | Learned a level 2 spell: Searing Ray
  1187 | D:2      | Reached XP level 3. HP: 26/26 MP: 4/7
  1551 | D:2      | Found Niguphaj's Armour Shoppe.
  2019 | D:3      | Found Pofinil's Distillery.
  2136 | D:3      | Reached XP level 4. HP: 33/33 MP: 4/8
  2296 | D:3      | Reached skill level 5 in Conjurations
  3107 | D:4      | Noticed a black bear
  3161 | D:4      | Found an ornate altar of the Wu Jian Council.
  3188 | D:4      | Found a sacrificial altar of Ru.
  3286 | D:4      | Reached XP level 5. HP: 38/38 MP: 4/10
  3348 | D:4      | Found a bloodstained altar of Trog.
  3811 | D:4      | Found a white marble altar of Elyvilon.
  3811 | D:4      | Found an ancient bone altar of Kikubaaqudgha.
  3849 | D:5      | Entered Level 5 of the Dungeon
  4028 | D:5      | Noticed an ogre
  4034 | D:5      | Killed an ogre
  4035 | D:5      | Reached XP level 6. HP: 45/45 MP: 5/12
  4104 | D:5      | Noticed Sigmund
  4111 | D:5      | Killed Sigmund
  4112 | D:5      | Reached skill level 6 in Conjurations
  4195 | D:5      | Reached skill level 5 in Spellcasting
  4369 | D:5      | Your scales start taking on a lurid green colour.
  4369 | D:5      | Reached XP level 7. HP: 50/50 MP: 8/14
  4369 | D:5      | Gained mutation: Your system is resistant to poisons.
                  | (rPois) [Green Draconian growth]
  4652 | D:5      | Noticed Menkaure
  5019 | D:5      | Killed Menkaure
  5020 | D:5      | Reached skill level 7 in Conjurations
  5436 | D:6      | Reached XP level 8. HP: 56/57 MP: 10/17
  5531 | D:6      | Noticed Jeremiah
  5594 | D:6      | Identified the +2 quarterstaff of In Flagrante Delicto
                  | {flame, Str+3}
  5696 | D:6      | Reached skill level 8 in Conjurations
  5751 | D:6      | Found a glowing drain.
  5761 | Sewer    | Entered a sewer
  6514 | D:6      | Noticed Pikel
  6528 | D:6      | Killed Pikel
  6529 | D:6      | Reached skill level 9 in Conjurations
  6647 | D:6      | Found a blossoming altar of Fedhas.
  6650 | D:6      | Found a glowing silver altar of Zin.
  6650 | D:6      | Found a basalt altar of Yredelemnul.
  6651 | D:6      | Found a radiant altar of Vehumet.
  6651 | D:6      | Found a shimmering blue altar of Sif Muna.
  6655 | D:6      | Became a worshipper of Vehumet
  6789 | D:6      | Killed Jeremiah
  6790 | D:6      | Reached XP level 9. HP: 44/62 MP: 10/21
  7761 | D:7      | Reached skill level 10 in Conjurations
  8192 | D:7      | Reached * piety under Vehumet
  8192 | D:7      | Offered knowledge of Kiss of Death by Vehumet.
  8993 | D:8      | Got the Codex of Poisonous Conduction
  9025 | D:8      | Paralysed by a hornet for 3 turns
  9043 | D:8      | Reached skill level 11 in Conjurations
  9043 | D:8      | Reached XP level 10. HP: 19/69 MP: 14/23
  9245 | D:8      | Noticed Joseph
  9418 | D:8      | Noticed Grum
  9449 | D:8      | Killed Grum
  9710 | D:7      | Learned a level 3 spell: Mephitic Cloud
  9715 | D:7      | Learned a level 4 spell: Fulminant Prism
  9720 | D:7      | Learned a level 4 spell: Iskenderun's Mystic Blast
  9751 | D:8      | Killed Joseph
  9752 | D:8      | Reached skill level 10 in Spellcasting
 10562 | D:9      | Reached skill level 1 in Fighting
 11152 | D:9      | Reached skill level 12 in Conjurations
 11936 | D:9      | Found a staircase to the Lair.
 12024 | D:10     | Entered Level 10 of the Dungeon
 12197 | D:10     | Reached XP level 11. HP: 59/85 MP: 19/25
 12483 | D:10     | Reached skill level 1 in Alchemy
 12516 | D:10     | Reached ** piety under Vehumet
 12516 | D:10     | Offered knowledge of Scorch by Vehumet.
 13134 | D:10     | Reached skill level 5 in Fighting
 14078 | D:11     | Found a staircase to the Orcish Mines.
 14175 | Lair:1   | Entered Level 1 of the Lair of Beasts
 14521 | Lair:1   | Offered knowledge of Momentum Strike by Vehumet.
 14723 | Lair:1   | Reached *** piety under Vehumet
 14835 | Lair:1   | Reached skill level 13 in Conjurations
 14835 | Lair:1   | Reached skill level 5 in Alchemy
 15072 | Lair:2   | Noticed Harold
 15528 | Lair:2   | Noticed Nergalle
 15542 | Lair:2   | Noticed a skyshark
 15927 | Lair:2   | Killed a skyshark
 16007 | Lair:2   | Killed Nergalle
 16008 | Lair:2   | Reached XP level 12. HP: 92/100 MP: 12/27
 16787 | Lair:2   | Mangled by Harold

Illustrated notes

Levels and vault maps discovered:
D:1:      sevenhm_arrival_forest_fort_small_6, layout_basic, serial_shops, shop,
          hellmonk_ecumenical_altar_watching_god, minmay_misc_feat_four_crosses,
          serial_bayou_pond_a
D:2:      layout_basic, serial_shops, shop, cheibrodos_gnoll_hut
D:3:      layout_basic, serial_shops, nicolae_shop_window_shopping
D:4:      layout_cave_pools, bloody_trog, gammafunk_temple_overflow_wave,
          mainiacjoe_overflow_two_lobes, minmay_temple_entry_fiery
D:5:      layout_basic, uniq_sigmund, uniq_menkaure
D:6:      layout_layer_cave, grunt_temple_overflow_open, portal_sewer_entry_e,
          hangedman_decor_slide_cut, uniq_jeremiah, uniq_pikel
D:7:      layout_gridville
D:8:      layout_rooms, uniq_grum, uniq_joseph
D:9:      layout_roguey, erik_lair_dragon, nrook_campfire
D:10:     layout_basic
D:11:     layout_rooms, orc_0_dummy, evilmike_ruin_ashenzari
Lair:1:   layout_roguey
Lair:2:   layout_hall_layers, kennysheep_rathole, uniq_harold, uniq_nergalle

Skill      XL: |  1  2  3  4  5  6  7  8  9 10 11 |
---------------+----------------------------------+-----
Spellcasting   | 3 4 5 6 8 9 10 11 | 11.8
Conjurations   | 5 6 7 9 11 12 13 | 13.2
Fighting       | 4 7 |  7.1
Alchemy        | 6 |  6.1
Dodging        | |  1.7
Stealth        | |  1.7

Action                     |  1- 3 |  4- 6 |  7- 9 | 10-12 || total
---------------------------+-------+-------+-------+-------++-------
  Melee: Short sword       |     2 |     2 |       |       ||     4
         Dagger            |       |     9 |    13 |    17 ||    39
         Tailslap          |       |       |       |     1 ||     1
  Throw: Dart              |       |       |       |     2 ||     2
   Cast: Magic Dart        |    76 |    27 |    73 |    74 ||   250
         Searing Ray       |     3 |    20 |    64 |    54 ||   141
         Fulminant Prism   |       |       |       |    87 ||    87
         Iskenderun's Myst |       |       |       |    21 ||    21
         Mephitic Cloud    |       |       |       |     7 ||     7
Ability: Breathe Noxious F |       |       |     6 |    17 ||    23
  Evoke: Wand              |       |     1 |     1 |     2 ||     4
    Use: Potion            |       |     1 |       |       ||     1
         Scroll            |       |       |     6 |     6 ||    12
 Armour: Skin              |     3 |    36 |    58 |   148 ||   245
  Dodge: Dodged            |     6 |    25 |    48 |   104 ||   183
  Block: Other             |       |       |       |    33 ||    33

Table legend: (Time is in decaauts)
 A = Elapsed time spent in this place.
 B = Non-inter-level travel time spent in this place.
 C = Inter-level travel time spent in this place.
 D = Time resting spent in this place.
 E = Time spent auto-exploring this place.
 F = Levels seen in this place.
 G = Mean time per level.
                   A        B        C        D        E       F      G
               +--------+--------+--------+--------+--------+-----+--------+
         Total |  16990 |  16370 |    620 |   5352 |   6777 |  14 | 1213.6 |
       Dungeon |  13690 |  13116 |    574 |   4192 |   5839 |  11 | 1244.5 |
          Lair |   2620 |   2574 |     46 |   1062 |    634 |   2 | 1310.0 |
         Sewer |    679 |    679 |      0 |     98 |    304 |   1 |  679.0 |
               +--------+--------+--------+--------+--------+-----+--------+

Top non-repeatable levels by time:
     D:9: 2238 daAuts
     D:6: 1943 daAuts
    D:10: 1749 daAuts
     D:7: 1610 daAuts
  Lair:1: 1348 daAuts
  Lair:2: 1272 daAuts
     D:5: 1176 daAuts
     D:3: 1157 daAuts
     D:4: 1033 daAuts
     D:2: 1006 daAuts
     D:1: 924 daAuts
     D:8: 804 daAuts
   Sewer: 679 daAuts
    D:11: 46 daAuts
